 Dungeon Crawl Stone Soup version 0.28.0-53-g5a82cb258f (webtiles) character file.

Game seed: 12663245501314242796

196 leafyfresh the Changer (level 5, -1/33 (37) HPs)
             Began as a Merfolk Transmuter on July 15, 2022.
             Slain by a wight
             ... wielding a +3 battleaxe
              (4 damage)
             ... on level 3 of the Dungeon.
             The game lasted 00:04:23 (3685 turns).

leafyfresh the Changer (Merfolk Transmuter)         Turns: 3685, Time: 00:04:24

HP:   -1/33 (37)    AC:  2    Str: 10    XL:     5   Next: 75%
MP:   4/8           EV: 20    Int: 12    God:
Gold: 72            SH:  0    Dex: 22    Spells: 4/8 levels left

rFire   . . .      SeeInvis .     - Unarmed
rCold   . . .      Faith    .   (shield currently unavailable)
rNeg    . . .      Spirit   .   (armour currently unavailable)
rPois   x          Reflect  .   (helmet currently unavailable)
rElec   .          Harm     .   (cloak currently unavailable)
rCorr   .          Rampage  .   (gloves currently unavailable)
Will    .....                   (boots currently unavailable)
Stlth   ++........              (no amulet)
HPRegen 0.11/turn               (no ring)
MPRegen 0.11/turn               (no ring)

@: spider-form (expiring), heavily drained
A: venomous fangs, tiny, (nimble swimmer 2), (mertail)
a: End Transformation


You were on level 3 of the Dungeon.
You were a venomous arachnid creature.
You visited 1 branch of the dungeon, and saw 3 of its levels.

You collected 72 gold pieces.

Inventory:

Armour
 a - a +0 robe (melded)
 i - a +0 pair of gloves (melded)
 j - a scarf of invisibility (melded)
Scrolls
 b - a scroll of enchant armour {unknown}
 c - a scroll of immolation {unknown}
 d - a scroll of fear {unknown}
 e - a scroll of teleportation {unknown}
 g - 2 scrolls of blinking {unknown}
Potions
 f - 2 potions of attraction {unknown}
 h - a potion of haste {unknown}


   Skills:
 - Level 1.1 Fighting
 - Level 2.6 Dodging
 - Level 3.2 Unarmed Combat
 - Level 2.0 Spellcasting
 + Level 7.7 Transmutations


You had 4 spell levels left.
You knew the following spells:

 Your Spells              Type           Power      Damage    Failure   Level
a - Beastly Appendage     Tmut           38%        N/A       5%          1
b - Spider Form           Tmut/Pois      10%        N/A       36%         3

Your spell library contained the following spells:

 Spells                   Type           Power      Damage    Failure   Level
 Wereblood                Tmut           19%        N/A       8%          2
 Corpse Rot               Necr/Air       2%         N/A       61%         2
 Poisonous Vapours        Pois/Air       2%         N/A       61%         2
 Ice Form                 Ice/Tmut       10%        N/A       71%         4
 Dazzling Flash           Conj/Hex       2%         N/A       82%         3
 Agony                    Necr           1%         N/A       100%        5
 Silence                  Hex/Air        0%         N/A       100%        5


Dungeon Overview and Level Annotations

Branches:
Dungeon (3/15)

Altars:


Innate Abilities, Weirdness & Mutations

You are a venomous arachnid creature.
You have poisonous fangs.
You are tiny and dextrous.
Your spellcasting is less reliable in this form.
Your armour is entirely melded.
You are incapable of wielding weapons or throwing items.
((You are very nimble when in or above water. (Stealth+, EV+, Speed+++)))
((Your lower body shifts to a powerful aquatic tail in water.))


Message History

The quokka is almost dead.
The quokka misses you.
A quokka is nearby!
You hit the quokka but do no damage.
The quokka is almost dead.
The quokka barely misses you.
A quokka is nearby!
Casting: Spider Form (quite dangerous; 17% risk of failure)
Confirm with . or Enter, or press ? or * to list all spells.
You grow a pair of large bovine horns.
The quokka closely misses you.
Unknown command.
You hit the quokka.
You kill the quokka!
A wight is nearby!
You see here a quokka corpse.
Unknown command.
Casting: Beastly Appendage (safe; 1% risk of failure)
Confirm with . or Enter, or press ? or * to list all spells.
The spell is quite dangerous to miscast (17% risk of failure)!
Continue anyway?
Your horns disappear.
You turn into a venomous arachnid creature.
Your scarf of invisibility melds into your body.
Your +0 pair of gloves melds into your body.
Your +0 robe melds into your body.
Unknown command.
Your transformation is almost over.
You bite the wight!
The wight is heavily damaged.
The wight hits you with a +3 battleaxe!!
Ouch! That really hurt!
You feel drained.
You are too injured to fight recklessly!
You are too injured to fight recklessly!
You are too injured to fight recklessly!
You hit the wight but do no damage.
The wight is heavily damaged.
The wight hits you with a +3 battleaxe!
* * * LOW HITPOINT WARNING * * *
You feel drained.
You die...

###########..###
#....†sz.!.....
#.##########.###
#.#..............#.#
#.#.####..##.###.#.##
#.#.#<##..# .. .....#
#.#.#.##..#.#.##.#..#
#.#.#.##..# ...#.#..#
#.#.#.##..####.#.#..#
#.#.#.##............#


You could see a wight.

Vanquished Creatures
  2 orc priests (D:3)
  Jessica (D:2)
  An orc wizard (D:3)
  3 adders
  A dart slug (D:1)
  3 orcs (D:3)
  8 ball pythons
  2 endoplasms (D:2)
  5 goblins
  5 hobgoblins (D:1)
  4 jackals (D:1)
  8 kobolds
  5 quokkas
  3 bats
  A frilled lizard (D:1)
  3 rats
  A spectral hobgoblin (D:1)
56 creatures vanquished.

Notes
Turn   | Place    | Note
-------+----------+-------------------------------------------
     0 | D:1      | leafyfresh the Merfolk Transmuter began the quest for the
                  | Orb.
     0 | D:1      | Reached XP level 1. HP: 15/15 MP: 3/3
    36 | D:1      | Reached skill level 3 in Transmutations
   219 | D:1      | Found a faded altar of an unknown god.
   681 | D:1      | Reached XP level 2. HP: 21/21 MP: 3/5
   732 | D:1      | Reached skill level 4 in Transmutations
  1324 | D:1      | Reached XP level 3. HP: 14/26 MP: 6/6
  1329 | D:1      | Learned a level 3 spell: Spider Form
  1777 | D:2      | Reached skill level 5 in Transmutations
  1916 | D:2      | Noticed Jessica
  1923 | D:2      | Killed Jessica
  1924 | D:2      | Reached XP level 4. HP: 21/32 MP: 3/7
  2474 | D:2      | Reached skill level 6 in Transmutations
  3251 | D:3      | Reached XP level 5. HP: 35/37 MP: 4/8
  3260 | D:3      | Reached skill level 7 in Transmutations
  3685 | D:3      | Slain by a wight

Illustrated notes

Levels and vault maps discovered:
D:1:      dpeg_arrival_castle, layout_rooms,
          dreamdust_ecumenical_altar_drowned_temple
D:2:      layout_basic, minmay_misc_feat_secret_circle,
          chequers_serial_rivers_micro_a, corexii_leaking_fountain, uniq_jessica
D:3:      layout_basic, old_standard_altar, nzn_hepliaklqana_mist_gate

Skill      XL: |  1  2  3  4  5 |
---------------+----------------+-----
Transmutations | 3 4 5 6 7 |  7.7
Fighting       | |  1.1
Dodging        | |  2.6
Unarmed Combat | |  3.2
Spellcasting   | |  2.0

Action                   |  1- 3 |  4- 6 || total
-------------------------+-------+-------++-------
Melee: Unarmed           |   107 |    79 ||   186
       Punch             |     4 |     1 ||     5
       Tailslap          |     2 |       ||     2
       Headbutt          |    10 |       ||    10
 Cast: Beastly Appendage |     8 |     2 ||    10
       Spider Form       |     2 |    14 ||    16
Armor: Robe              |    17 |     2 ||    19
       Skin              |     1 |     3 ||     4
Dodge: Dodged            |    62 |    65 ||   127
